 Dungeon Crawl Stone Soup version 0.28-a0-239-g68911e0c57 (webtiles) character file.

Game seed: 902830830766628557

3670 Gargoyl the Fighter (level 10, -10/81 HPs)
             Began as a Gnoll Abyssal Knight on Aug 22, 2021.
             Was an Elder of Lugonu.
             Mangled by a yak (22 damage)
             ... on level 8 of the Dungeon on Aug 23, 2021.
             The game lasted 00:10:16 (8304 turns).

Gargoyl the Fighter (Gnoll Abyssal Knight)          Turns: 8304, Time: 00:10:17

Health: -10/81     AC: 16    Str: 14    XL:     10   Next: 12%
Magic:  17/17      EV:  3    Int: 13    God:    Lugonu [****..]
Gold:   163        SH: 10    Dex: 11    Spells: 19/19 levels left

rFire   + . .      SeeInvis .   a - +3 hand axe (chaos)
rCold   . . .      Faith    .   g - +1 kite shield
rNeg    . . .      Spirit   .   e - +0 plate armour
rPois   +          Reflect  .   (no helmet)
rElec   .          Harm     .   j - +0 cloak
rCorr   .          Rampage  .   s - +1 pair of gloves
Will    +....      Rnd*Tele +   (no boots)
Stlth   ..........              (no amulet)
HPRegen 0.23/turn               b - ring of willpower
MPRegen 0.15/turn               d - ring "Souder" {Fly rPois rF+}

@: flying
A: fangs 1, strong nose, distributed training, mutation resistance 1,
teleportitis 1, no potion heal 1
a: Renounce Religion, Depart the Abyss, Bend Space, Banish, Corrupt


You were on level 8 of the Dungeon.
You worshipped Lugonu.
Lugonu was greatly pleased with you.
You visited 1 branch of the dungeon, and saw 8 of its levels.
You visited the Abyss 1 time.

You collected 350 gold pieces.
You spent 187 gold pieces at shops.

Inventory:

Hand Weapons
 a - a +3 hand axe of chaos (weapon)
Armour
 e - a +0 plate armour (worn)
 g - a +1 kite shield (worn)
 j - a +0 cloak (worn)
 s - a +1 pair of gloves (worn)
Jewellery
 b - a ring of willpower (left hand)
 d - the ring "Souder" (right hand) {Fly rPois rF+}
   (You acquired it on level 5 of the Dungeon)

   [ring of poison resistance]

   rF:        It protects you from fire.
   rPois:     It protects you from poison.
   Fly:       It grants you flight.
Wands
 f - a wand of digging (1)
 o - a wand of paralysis (3)
 q - a wand of flame (10)
 v - a wand of iceblast (4)
Scrolls
 p - a scroll of blinking
 t - 2 scrolls of teleportation
Potions
 c - a potion of flight
 h - a potion of mutation
 i - a potion of haste
 l - 2 potions of magic
 m - 3 potions of curing
 u - a potion of lignification


   Skills:
 + Level 8.3 Fighting
 + Level 5.0 Short Blades
 + Level 5.0 Long Blades
 + Level 6.8 Axes
 + Level 5.0 Maces & Flails
 + Level 5.0 Polearms
 + Level 5.0 Staves
 + Level 5.0 Slings
 + Level 5.0 Bows
 + Level 5.0 Crossbows
 + Level 5.0 Throwing
 + Level 6.8 Armour
 + Level 5.6 Dodging
 + Level 5.0 Stealth
 + Level 5.0 Shields
 + Level 5.0 Unarmed Combat
 + Level 5.0 Spellcasting
 + Level 4.1 Conjurations
 + Level 4.1 Hexes
 + Level 4.1 Summonings
 + Level 4.1 Necromancy
 + Level 4.1 Translocations
 + Level 4.1 Transmutations
 + Level 4.1 Fire Magic
 + Level 4.1 Ice Magic
 + Level 4.1 Air Magic
 + Level 4.1 Earth Magic
 + Level 4.1 Poison Magic
 + Level 7.2 Invocations
 + Level 5.0 Evocations


You had 19 spell levels left.
You didn't know any spells.
Your spell library contained the following spells:

 Spells                   Type           Power      Damage    Failure   Level
 Summon Small Mammal      Summ           52%        N/A       100%        1
 Slow                     Hex            13%        N/A       100%        2
 Call Canine Familiar     Summ           13%        N/A       100%        3
 Confusing Touch          Hex            13%        N/A       100%        3
 Summon Guardian Golem    Hex/Summ       13%        N/A       100%        3
 Yara's Violent Unravell  Hex/Tmut       6%         3d5       100%        5


Dungeon Overview and Level Annotations

Branches:
Dungeon (8/15)             Temple (0/1) D:5
   Lair: D:8-11

Altars:
Cheibriados
Hepliaklqana
Nemelex Xobeh
Ru
Uskayaw
Wu Jian

Shops:
D:4 [=[


Innate Abilities, Weirdness & Mutations

You have very sharp teeth.
Your uncanny sense of smell can sniff out nearby items.
Your experience applies equally to all skills.
You are somewhat resistant to further mutation.
You are occasionally teleported next to monsters.
Potions are less effective at restoring your health.


Message History

Your Shields skill increases to level 5!
Your Unarmed Combat skill increases to level 5!
Your Spellcasting skill increases to level 5!
Your Evocations skill increases to level 5!
You slash the yak!
The yak seems to grow stronger.
The yak is moderately wounded.
You closely miss the kobold. You block the kobold's attack.
The yak gores you but does no damage. You block the kobold's attack.
You hit the yak.
The yak is moderately wounded.
You hit the kobold but do no damage. Lightning courses through the kobold!!
You kill the kobold!
Lugonu accepts your kill. The yak gores you but does no damage.
You block the hog's attack.
Unknown command.
You hit the yak. You burn the yak.
The yak is moderately wounded.
You hit the hog but do no damage. You drain the hog.
The yak completely misses you. You block the yak's attack.
Unknown command.
You hit the yak.
The yak flickers and vanishes!
Deactivating autopickup; reactivate with Ctrl-A.
You hit the hog. You freeze the hog. The hog bites you.
Something gores you but does no damage.
You hit something but do no damage.
Nothing appears to happen.
You bite something. You slash the hog!
The hog resists with some effort.
You block the hog's attack. Something gores you.
The hog bites you but does no damage. Something gores you!
Unknown command.
You miss something. You hit the hog. You freeze the hog.
You block something's attack. You block the hog's attack.
Unknown command.
You miss something. You hit the hog.
The hog seems to grow stronger.
Something gores you but does no damage. You block the hog's attack.
Something gores you! You block the hog's attack.
You slash something! You hit the hog.
The hog appears confused.
Something gores you!!
* * * LOW HITPOINT WARNING * * *
You block the hog's attack. Something gores you!!
You die...

#.....<.....#
##.########.# #.#
##.# #..# #..# #
#..#
..###.#####..#
.....hh@{Y#..#
#####h###)#..#####
#h #..).......#
..# #......###.#
#.. #..##.## #.
#.. #.# # #.. ...
#.. .### #.. .


You could see a yak and 4 hogs.

Vanquished Creatures
  The ghost of Nattfarinn the Magician, a novice DjCj (D:5)
  Prince Ribbit (D:4)
  A yak (D:8)
  A water moccasin (D:6)
  A sky beast (D:7)
  An ice beast (D:6)
  A necrophage (D:4)
  An ogre (D:5)
  A centaur (D:7)
  Blork the orc (D:6)
  A kobold brigand (D:8)
  5 bullfrogs
  2 scorpions (D:5)
  A water moccasin zombie (D:5)
  A water moccasin skeleton (D:5)
  5 killer bees (D:7)
  A howler monkey (D:6)
  A bullfrog zombie (D:6)
  2 centaur skeletons
  2 bullfrog skeletons (D:5)
  A gnoll shaman (D:4)
  An orc priest (D:5)
  6 hounds
  2 jellies
  Crazy Yiuf (D:3)
  5 iguanas
  Natasha (twice) (D:3)
  3 orc wizards
  8 gnolls
  5 adders
  A shadow imp (D:7)
  A white imp (D:6)
  An ufetubus (D:5)
  An adder zombie (D:5)
  A dart slug (D:3)
  11 orcs
  6 endoplasms
  2 giant cockroaches
  11 goblins
  10 hobgoblins
  5 jackals
  8 kobolds
  3 quokkas
  9 ball pythons
  5 bats
  A frilled lizard (D:1)
  8 rats
149 creatures vanquished.

Vanquished Creatures (collateral kills)
  A centaur zombie (D:7)
1 creature vanquished.

Vanquished Creatures (others)
  A centaur zombie (D:7)
  A fungus (D:3)
2 creatures vanquished.

Grand Total: 152 creatures vanquished

Notes
Turn   | Place    | Note
-------+----------+-------------------------------------------
     0 | Abyss:1  | Gargoyl the Gnoll Abyssal Knight began the quest for the
                  | Orb.
     0 | Abyss:1  | Reached XP level 1. HP: 23/23 MP: 3/3
   205 | Abyss:1  | Noticed an efreet
   205 | D:1      | Escaped the Abyss
   247 | D:1      | Reached * piety under Lugonu
   527 | D:1      | Reached XP level 2. HP: 29/29 MP: 5/5
   882 | D:1      | Reached XP level 3. HP: 35/35 MP: 6/6
  1572 | D:2      | Reached ** piety under Lugonu
  1810 | D:3      | Reached skill level 1 in Short Blades
  1810 | D:3      | Reached skill level 1 in Long Blades
  1810 | D:3      | Reached skill level 1 in Maces & Flails
  1810 | D:3      | Reached skill level 1 in Polearms
  1810 | D:3      | Reached skill level 1 in Staves
  1810 | D:3      | Reached skill level 1 in Slings
  1810 | D:3      | Reached skill level 1 in Bows
  1810 | D:3      | Reached skill level 1 in Crossbows
  1810 | D:3      | Reached skill level 1 in Throwing
  1810 | D:3      | Reached skill level 1 in Stealth
  1810 | D:3      | Reached skill level 1 in Shields
  1810 | D:3      | Reached skill level 1 in Unarmed Combat
  1810 | D:3      | Reached skill level 1 in Spellcasting
  1810 | D:3      | Reached skill level 1 in Evocations
  2078 | D:2      | Upgraded the game from 0.28-a0-230-g086cc6695f to
                  | 0.28-a0-239-g68911e0c57
  2228 | D:3      | Noticed an eye of devastation
  2231 | D:3      | Found a faded altar of an unknown god.
  2233 | D:3      | Noticed a great orb of eyes
  2233 | D:3      | Noticed a shining eye
  2233 | D:3      | Noticed a great orb of eyes
  2424 | D:3      | Reached XP level 4. HP: 41/41 MP: 7/7
  2485 | D:3      | Found a sparkling altar of Nemelex Xobeh.
  2518 | D:3      | Noticed Natasha
  2526 | D:3      | Killed Natasha
  2658 | D:3      | Reached skill level 1 in Conjurations
  2658 | D:3      | Reached skill level 1 in Hexes
  2658 | D:3      | Reached skill level 1 in Summonings
  2658 | D:3      | Reached skill level 1 in Necromancy
  2658 | D:3      | Reached skill level 1 in Translocations
  2658 | D:3      | Reached skill level 1 in Transmutations
  2658 | D:3      | Reached skill level 1 in Fire Magic
  2658 | D:3      | Reached skill level 1 in Ice Magic
  2658 | D:3      | Reached skill level 1 in Air Magic
  2658 | D:3      | Reached skill level 1 in Earth Magic
  2658 | D:3      | Reached skill level 1 in Poison Magic
  2716 | D:3      | Identified the +6 lajatang of Deshre Vaol {venom, rPois
                  | rCorr}
  2810 | D:3      | Noticed Natasha
  2815 | D:3      | Killed Natasha
  2816 | D:3      | Reached XP level 5. HP: 41/47 MP: 8/8
  2868 | D:3      | Found a hide-covered altar of Uskayaw.
  3063 | D:3      | Found a runed translucent door.
  3064 | D:3      | Noticed Crazy Yiuf
  3071 | D:3      | Gained mutation: You are occasionally teleported next to
                  | monsters. [potion of mutation]
  3071 | D:3      | Gained mutation: You are somewhat resistant to further
                  | mutation. [potion of mutation]
  3071 | D:3      | Gained mutation: Potions are less effective at restoring
                  | your health. [potion of mutation]
  3073 | D:3      | Killed Crazy Yiuf
  3417 | D:4      | Found Piezuj's Jewellery Shop.
  3446 | D:4      | Found Neaxoiz's Antique Armour Shoppe.
  3500 | D:4      | Found a hazy altar of Hepliaklqana.
  3571 | D:4      | Found Mesodah's Antique Armour Emporium.
  3589 | D:4      | Bought a pair of runed gloves for 187 gold pieces
  3683 | D:4      | Noticed a necrophage
  3698 | D:4      | Killed a necrophage
  3699 | D:4      | Reached skill level 5 in Invocations
  3699 | D:4      | Reached XP level 6. HP: 45/53 MP: 9/9
  3888 | D:5      | Entered Level 5 of the Dungeon
  3891 | D:5      | Identified a scroll of acquirement
  3891 | D:5      | Acquired the ring "Souder" {Fly rPois rF+}
  3907 | D:5      | Noticed Prince Ribbit
  3944 | D:4      | Killed Prince Ribbit
  3945 | D:4      | Reached skill level 5 in Axes
  3945 | D:4      | Reached skill level 5 in Armour
  3945 | D:4      | Reached XP level 7. HP: 33/59 MP: 10/10
  4085 | D:5      | Reached skill level 7 in Fighting
  4141 | D:5      | Found a runed translucent gate.
  4552 | D:5      | Reached *** piety under Lugonu
  4811 | D:5      | Reached XP level 8. HP: 58/67 MP: 12/12
  4865 | D:5      | Found a staircase to the Ecumenical Temple.
  5083 | D:5      | Noticed Nattfarinn's ghost (novice DjCj)
  5429 | D:5      | Found a runed translucent gate.
  5429 | D:5      | Found a runed translucent gate.
  5432 | D:5      | Identified the +4 ring mail "Plog" {rPois rC+ Int-2}
  5671 | D:5      | Killed Nattfarinn's ghost
  6065 | D:6      | Reached XP level 9. HP: 10/73 MP: 14/14
  6105 | D:6      | Noticed Blork the orc
  6534 | D:6      | Killed Blork the orc
  6657 | D:6      | Found a sacrificial altar of Ru.
  6954 | D:7      | Reached skill level 5 in Dodging
  7544 | D:7      | Found an ornate altar of the Wu Jian Council.
  7559 | D:7      | Reached **** piety under Lugonu
  7568 | D:7      | Reached skill level 8 in Fighting
  7649 | D:7      | Noticed a two-headed ogre
  7650 | D:7      | Banished a two-headed ogre
  7834 | D:7      | Found a snail-covered altar of Cheibriados.
  7902 | D:7      | Reached XP level 10. HP: 80/80 MP: 17/17
  8297 | D:8      | Reached skill level 5 in Short Blades
  8297 | D:8      | Reached skill level 5 in Long Blades
  8297 | D:8      | Reached skill level 5 in Maces & Flails
  8297 | D:8      | Reached skill level 5 in Polearms
  8297 | D:8      | Reached skill level 5 in Staves
  8297 | D:8      | Reached skill level 5 in Slings
  8297 | D:8      | Reached skill level 5 in Bows
  8297 | D:8      | Reached skill level 5 in Crossbows
  8297 | D:8      | Reached skill level 5 in Throwing
  8297 | D:8      | Reached skill level 5 in Stealth
  8297 | D:8      | Reached skill level 5 in Shields
  8297 | D:8      | Reached skill level 5 in Unarmed Combat
  8297 | D:8      | Reached skill level 5 in Spellcasting
  8297 | D:8      | Reached skill level 5 in Evocations
  8304 | D:8      | Mangled by a yak

Illustrated notes

Levels and vault maps discovered:
D:1:      dpeg_arrival_more_subterranean_lakeside_camping, layout_basic
D:2:      layout_rooms, st_stairs_2, minmay_goblin_kobold_house
D:3:      minmay_octagon_keep, layout_basic, nemelex_spade_bored_becter,
          nicolae_uskayaw_suspiria, hellmonk_ecumenical_altar_watching_god,
          uniq_crazy_yiuf_cottage, uniq_natasha
D:4:      layout_rooms, mainiacjoe_overflow_six_doors_small, serial_shops,
          nicolae_shop_stone, shop, nicolae_shop_overgrown_old_shop,
          st_stairs_8, chequers_avenue
D:5:      layout_cave_pools, minmay_temple_entry_hall, gammafunk_ghost_split,
          minmay_misc_feat_roman, uniq_prince_ribbit1
D:6:      layout_loops_cross, nicolae_ru_awakened_eye, uniq_blork_the_orc
D:7:      layout_loops_ring, nzn_wu_jian_contemplation,
          mainiacjoe_overflow_alcove_4
D:8:      layout_loops_ring, kennysheep_little_box, erik_lair_island,
          grunt_livestock

Skill      XL: |  1  2  3  4  5  6  7  8  9 10 |
---------------+-------------------------------+-----
Short Blades   | 1 2 3 4 5 |  5.0
Long Blades    | 1 2 3 4 5 |  5.0
Maces & Flails | 1 2 3 4 5 |  5.0
Polearms       | 1 2 3 4 5 |  5.0
Staves         | 1 2 3 4 5 |  5.0
Slings         | 1 2 3 4 5 |  5.0
Bows           | 1 2 3 4 5 |  5.0
Crossbows      | 1 2 3 4 5 |  5.0
Throwing       | 1 2 3 4 5 |  5.0
Stealth        | 1 2 3 4 5 |  5.0
Shields        | 1 2 3 4 5 |  5.0
Unarmed Combat | 1 2 3 4 5 |  5.0
Spellcasting   | 1 2 3 4 5 |  5.0
Evocations     | 1 2 3 4 5 |  5.0
Conjurations   | 1 2 3 4 |  4.1
Hexes          | 1 2 3 4 |  4.1
Summonings     | 1 2 3 4 |  4.1
Necromancy     | 1 2 3 4 |  4.1
Translocations | 1 2 3 4 |  4.1
Transmutations | 1 2 3 4 |  4.1
Fire Magic     | 1 2 3 4 |  4.1
Ice Magic      | 1 2 3 4 |  4.1
Air Magic      | 1 2 3 4 |  4.1
Earth Magic    | 1 2 3 4 |  4.1
Poison Magic   | 1 2 3 4 |  4.1
Dodging        | 3 4 5 |  5.6
Invocations    | 5 6 7 |  7.2
Axes           | 5 6 |  6.8
Armour         | 5 6 |  6.8
Fighting       | 7 8 |  8.3

Action                   |  1- 3 |  4- 6 |  7- 9 | 10-12 || total
-------------------------+-------+-------+-------+-------++-------
Melee: Hand axe          |   119 |    93 |   298 |    48 ||   558
       Bite              |     8 |    10 |    36 |     4 ||    58
       Lajatang          |       |    13 |       |       ||    13
Invok: Depart the Abyss  |     1 |       |       |       ||     1
       Banish            |       |       |     1 |       ||     1
Evoke: Wand              |       |     3 |     3 |       ||     6
  Use: Scroll            |     9 |     5 |     5 |     2 ||    21
       Potion            |       |     1 |     4 |       ||     5
 Stab: Paralysed         |       |     3 |     3 |       ||     6
       Confused          |       |       |     4 |       ||     4
Armor: Leather armour    |     3 |       |       |       ||     3
       Ring mail         |    41 |       |       |       ||    41
       Plate armour      |     5 |    87 |   294 |    39 ||   425
       Chain mail        |     2 |       |       |       ||     2
       Skin              |       |       |    28 |       ||    28
Dodge: Dodged            |    41 |     7 |    39 |     8 ||    95
Block: Kite shield       |    51 |    50 |   188 |    33 ||   322

Table legend: (Time is in decaauts)
 A = Elapsed time spent in this place.
 B = Non-inter-level travel time spent in this place.
 C = Inter-level travel time spent in this place.
 D = Time resting spent in this place.
 E = Time spent auto-exploring this place.
 F = Levels seen in this place.
 G = Mean time per level.
                   A        B        C        D        E       F      G
               +--------+--------+--------+--------+--------+-----+--------+
         Total |   8459 |   8282 |    177 |   1184 |   5414 |   9 |  939.9 |
       Dungeon |   8254 |   8077 |    177 |   1184 |   5221 |   8 | 1031.8 |
         Abyss |    205 |    205 |      0 |      0 |    193 |   1 |  205.0 |
               +--------+--------+--------+--------+--------+-----+--------+

Top non-repeatable levels by time:
     D:5: 1794 daAuts
     D:7: 1346 daAuts
     D:3: 1331 daAuts
     D:1: 1050 daAuts
     D:4: 981 daAuts
     D:6: 849 daAuts
     D:2: 830 daAuts
 Abyss:1: 205 daAuts
     D:8: 70 daAuts
